 Seeded DCSS version 0.30-a0-883-g5ad918d77d (webtiles) character file.

Game seed: 20230316 (custom seed)

3040 bmack86 the Blocker (level 9, -3/81 HPs)
             Began as a Minotaur Fighter on Mar 16, 2023.
             Slain by a killer bee (6 damage)
             ... on level 7 of the Dungeon.
             The game lasted 00:15:19 (6418 turns).

bmack86 the Blocker (Minotaur Fighter)              Turns: 6418, Time: 00:15:20

Health: -3/81      AC: 14    Str: 25    XL:     9   Next: 56%
Magic:  8/8        EV:  8    Int:  5    God:
Gold:   334        SH: 10    Dex: 10    Spells: 8/8 levels left

rFire   . . .      SeeInvis .    a - +0 war axe (heavy)
rCold   . . .      Faith    .    k - +0 kite shield
rNeg    . . .      Spirit   .    B - +4 scale mail {rPois}
rPois   +          Reflect  .    w - +1 hat
rElec   .          Rampage  .    (no cloak)
rCorr   .                        C - +0 pair of gloves
Will    .....                    (no boots) Stlth
                                 (no amulet)
HPRegen 0.33/turn                (no ring)
MPRegen 0.11/turn                (no ring)

@: no status effects
A: horns 2, retaliatory headbutt
a: no special abilities


You were on level 7 of the Dungeon.
You visited 1 branch of the dungeon, and saw 7 of its levels.
You also visited: Ossuary.

You collected 334 gold pieces.

Inventory:

Hand Weapons
 a - a +0 heavy war axe (weapon)
Missiles
 c - a throwing net
 i - 10 poisoned darts
 j - 4 boomerangs (quivered)
Armour
 b - a +0 plate armour
 k - a +0 kite shield (worn)
 w - a +1 hat (worn)
 B - a +4 scale mail of poison resistance (worn)
 C - a +0 pair of gloves (worn)
Wands
 l - a wand of charming (8)
 z - a wand of flame (24)
Scrolls
 e - 5 scrolls of magic mapping
 n - 2 scrolls of identify
 o - a scroll of vulnerability
 s - a scroll of fear
 u - 2 scrolls of immolation
 x - a scroll of blinking
Potions
 d - 7 potions of might
 f - 3 potions of brilliance
 g - 6 potions of curing
 h - 6 potions of heal wounds
 m - 3 potions of mutation
 p - 3 potions of attraction
 q - 2 potions of resistance
 r - 2 potions of flight
 t - a potion of haste
 A - a potion of magic


   Skills:
 + Level 8.1 Fighting
 + Level 7.5 Axes
 + Level 5.5 Throwing
 + Level 8.1 Armour
 + Level 8.1 Shields


You had 8 spell levels left.
You didn't know any spells.
Your spell library contained the following spells:

 Spells                   Type           Power      Damage    Failure   Level
 Beastly Appendage        Tmut           0%         N/A       95%         1
 Magic Dart               Conj           0%         1d3       95%         1
 Blink                    Tloc           0%         N/A       99%         2
 Lesser Beckoning         Tloc           0%         N/A       99%         2
 Momentum Strike          Conj/Tloc      0%         3d8       99%         2
 Searing Ray              Conj           0%         2d4       99%         2
 Wereblood                Tmut           0%         N/A       99%         2
 Spider Form              Tmut/Pois      0%         N/A       100%        3
 Vhi's Electric Charge    Tloc/Air       0%         N/A       100%        3
 Fulminant Prism          Conj/Hex       0%         3d5       100%        4
 Arcjolt                  Conj/Air       0%         1d10      100%        5
 Maxwell's Capacitive Co  Air            0%         ∞         100%        8


Dungeon Overview and Level Annotations

Branches:
Dungeon (7/15)             Temple (0/1) D:7         Ossuary (visited)

Altars:
Dithmenos
Gozag
Makhleb

Annotations:
D:3 1 runed translucent door, deadpool521's ghost, amateur MiFi


Innate Abilities, Weirdness & Mutations

You have a pair of horns on your head.
You reflexively headbutt those who attack you in melee.


Message History

The killer bee barely misses you. x2; The killer bee stings you!
* * * LOW HITPOINT WARNING * * *
The gnoll hits you but does no damage.
The gnoll sergeant hits you from afar with a +0 spear.
* * * LOW HITPOINT WARNING * * *
The killer bee stings you but does no damage.
The killer bee closely misses you. You furiously retaliate!
You headbutt the killer bee.
You kill the killer bee!
The gnoll sergeant hits you but does no damage.
The gnoll hits you but does no damage.
You closely miss the killer bee. Your headbutt misses the killer bee.
The killer bee is moderately wounded.
The killer bee stings you but does no damage.
You block the killer bee's attack. x2
The gnoll hits you from afar with a +0 spear.
* * * LOW HITPOINT WARNING * * *
You block the gnoll sergeant's attack.
The killer bee stings you but does no damage.
The gnoll barely misses you.
The gnoll sergeant hits you but does no damage.
You barely miss the killer bee.
The killer bee is moderately wounded.
You block the killer bee's attack.
The killer bee stings you but does no damage.
The gnoll sergeant hits you from afar with a +0 spear.
* * * LOW HITPOINT WARNING * * *
The gnoll hits you but does no damage.
The killer bee stings you but does no damage.
You miss the killer bee. Your headbutt misses the killer bee.
The killer bee is moderately wounded.
You block the killer bee's attack. The killer bee closely misses you.
The gnoll hits you from afar with a +0 spear.
* * * LOW HITPOINT WARNING * * *
The gnoll sergeant barely misses you. The killer bee stings you.
* * * LOW HITPOINT WARNING * * *
You block the gnoll sergeant's attack. The gnoll barely misses you.
The killer bee barely misses you. The killer bee stings you.
You die...

.......##..##.##.......
.......##..##.##.####.##
#.# .......##..##.##.##
.# ...
.......##.......... ..
... ##########....####
.#... #.#.....# .#.# .
#.+.....+ ... ...
#.#.....####.#.....
..+....@ygg.g......
#.#.....#gy........
#.#.....####.#.....
........# .......
#.#.....# .......
#........ .......
#.######## ....... #.
###..#


You could see a gnoll sergeant, 2 killer bees and 3 gnolls.

Vanquished Creatures
  4 yaks (D:6)
  Edmund (D:5)
  2 ice beasts
  A black bear (D:7)
  An ogre (D:5)
  A centaur (D:5)
  2 phantoms (D:6)
  10 scorpions
  2 bullfrogs
  2 killer bees (D:7)
  A howler monkey (D:5)
  A centaur zombie (Ossuary)
  A jelly (D:5)
  3 orc priests
  3 hounds (D:4)
  6 iguanas
  2 sleepcaps (D:5)
  5 orc wizards
  4 mummies (Ossuary)
  2 gnolls (D:7)
  9 adders
  A shadow imp (D:6)
  A white imp (D:6)
  An ufetubus (D:5)
  2 worms
  4 dart slugs
  26 orcs
  8 ball pythons
  4 endoplasms
  2 giant cockroaches
  8 goblins
  7 hobgoblins
  10 jackals
  4 kobolds
  4 quokkas
  12 bats
  2 frilled lizards
  2 gnoll zombies (Ossuary)
  A hobgoblin zombie (Ossuary)
  2 kobold zombies (Ossuary)
  2 orc zombies (Ossuary)
  4 rats
170 creatures vanquished.

Vanquished Creatures (others)
  2 fungi (D:4)
  A plant (D:4)
3 creatures vanquished.

Grand Total: 173 creatures vanquished

Notes
Turn   | Place    | Note
-------+----------+-------------------------------------------
     0 | D:1      | bmack86 the Minotaur Fighter began the quest for the Orb.
     0 | D:1      | Reached XP level 1. HP: 19/19 MP: 0/0
   368 | D:1      | Reached XP level 2. HP: 26/27 MP: 1/1
   877 | D:2      | Reached XP level 3. HP: 33/33 MP: 2/2
  1712 | D:3      | Reached XP level 4. HP: 12/40 MP: 3/3
  1960 | D:3      | Found a runed translucent door.
  1978 | D:3      | Noticed deadpool521's ghost (amateur MiFi)
  2060 | D:3      | Noticed an ice beast
  2067 | D:3      | Killed an ice beast
  2068 | D:3      | Reached skill level 1 in Throwing
  2068 | D:3      | Reached XP level 5. HP: 47/47 MP: 4/4
  2108 | D:3      | Found an opulent altar of Gozag.
  2640 | D:4      | Found a burning altar of Makhleb.
  2644 | D:4      | Reached skill level 5 in Armour
  2647 | D:4      | Reached skill level 5 in Fighting
  2647 | D:4      | Reached skill level 5 in Shields
  2647 | D:4      | Reached XP level 6. HP: 56/56 MP: 5/5
  2720 | D:4      | Found a sand-covered staircase.
  2738 | Ossuary  | Entered an ossuary
  3247 | D:4      | Reached XP level 7. HP: 56/61 MP: 6/6
  3768 | D:4      | Reached skill level 5 in Axes
  3886 | D:4      | Found the +11 Singing Sword {sonic wave}
  3980 | D:5      | Entered Level 5 of the Dungeon
  4014 | D:5      | Reached XP level 8. HP: 68/70 MP: 7/7
  4257 | D:5      | Identified the +0 robe of Sempaps {rC+ SInv}
  4398 | D:5      | Noticed Edmund
  4409 | D:5      | Killed Edmund
  5458 | D:6      | Reached XP level 9. HP: 78/79 MP: 8/8
  5744 | D:6      | Reached skill level 5 in Throwing
  6270 | D:7      | Found a shadowy altar of Dithmenos.
  6340 | D:7      | Found a staircase to the Ecumenical Temple.
  6417 | D:7      | HP: 3/81 [killer bee (3)]
  6418 | D:7      | Slain by a killer bee

Illustrated notes

Levels and vault maps discovered:
D:1:      amcnicky_arrival_wind_blow, layout_basic, minmay_pentomino_s2
D:2:      layout_basic, kennysheep_doodads
D:3:      layout_basic, nicolae_gozag_seed_capital, ebering_ghost_sewer_d
D:4:      old_forge, layout_basic, bloody_makhleb, chequers_ossuary_entry_cave
D:5:      layout_loops_corners, uniq_edmund
D:6:      layout_basic, supply_closet_lemuel
D:7:      layout_basic, nicolae_wu_jian_glorious_leap,
          grunt_dithmenos_smoke_and_mirrors, minmay_temple_entry_from_below_a,
          minmay_lizard_king

Skill      XL: |  1  2  3  4  5  6  7  8  9 |
---------------+----------------------------+-----
Shields        | 4 5 6 7 8 |  8.1
Fighting       | 4 5 6 7 8 |  8.1
Axes           | 3 4 5 6 7 |  7.5
Armour         | 4 5 6 7 8 |  8.1
Throwing       | 1 2 3 4 5 |  5.5

Action                     |  1- 3 |  4- 6 |  7- 9 || total
---------------------------+-------+-------+-------++-------
  Melee: War axe           |    80 |    92 |   203 ||   375
         Headbutt          |     8 |    15 |    24 ||    47
  Throw: Dart              |       |     5 |       ||     5
         Boomerang         |       |     3 |     2 ||     5
    Use: Scroll            |     4 |     4 |    11 ||    19
         Potion            |       |       |     1 ||     1
 Armour: Scale mail        |     9 |       |    79 ||    88
         Plate armour      |    73 |    77 |   117 ||   267
         Chain mail        |     1 |       |       ||     1
  Dodge: Dodged            |    26 |    21 |   102 ||   149
  Block: Buckler           |     1 |       |       ||     1
         Kite shield       |    52 |    60 |   139 ||   251

Table legend: (Time is in decaauts)
 A = Elapsed time spent in this place.
 B = Non-inter-level travel time spent in this place.
 C = Inter-level travel time spent in this place.
 D = Time resting spent in this place.
 E = Time spent auto-exploring this place.
 F = Levels seen in this place.
 G = Mean time per level.
                   A        B        C        D        E       F      G
               +--------+--------+--------+--------+--------+-----+--------+
         Total |   6786 |   6672 |    114 |    247 |   4395 |   8 |  848.2 |
       Dungeon |   6450 |   6336 |    114 |    247 |   4395 |   7 |  921.4 |
       Ossuary |    335 |    335 |      0 |      0 |      0 |   1 |  335.0 |
               +--------+--------+--------+--------+--------+-----+--------+

Top non-repeatable levels by time:
     D:4: 1142 daAuts
     D:5: 1136 daAuts
     D:6: 1130 daAuts
     D:3: 1035 daAuts
     D:1: 868 daAuts
     D:2: 840 daAuts
 Ossuary: 335 daAuts
     D:7: 296 daAuts
